 Dungeon Crawl Stone Soup version 0.29.1-1-gd02db6906a (webtiles) character file.

Game seed: 8488090572608644406

54 Earthwalker the Trooper (level 3, 0/33 HPs)
             Began as a Minotaur Fighter on Oct 10, 2022.
             Succumbed to Sigmund's poison
             ... on level 2 of the Dungeon.
             The game lasted 00:02:59 (1083 turns).

Earthwalker the Trooper (Minotaur Fighter)          Turns: 1083, Time: 00:02:59

Health: 0/33       AC:  7    Str: 20    XL:     3   Next: 66%
Magic:  2/2        EV:  9    Int:  5    God:
Gold:   66         SH:  4    Dex: 11    Spells: 2/2 levels left

rFire   . . .      SeeInvis .   a - +0 long sword
rCold   . . .      Faith    .   c - +0 buckler
rNeg    . . .      Spirit   .   b - +0 scale mail
rPois   .          Reflect  .   (helmet restricted)
rElec   .          Harm     .   (no cloak)
rCorr   .          Rampage  .   (no gloves)
Will    .....                   (no boots)
Stlth   ..........              (no amulet)
HPRegen 0.11/turn               (no ring)
MPRegen 0.08/turn               (no ring)

@: lethally poisoned (0 -> -12)
A: horns 2, retaliatory headbutt
a: no special abilities


You were on level 2 of the Dungeon.
You visited 1 branch of the dungeon, and saw 2 of its levels.

You collected 66 gold pieces.

Inventory:

Hand Weapons
 a - a +0 long sword (weapon)
Armour
 b - a +0 scale mail (worn)
 c - a +0 buckler (worn)
Scrolls
 h - a scroll of teleportation
Potions
 d - a potion of might
 f - a potion of lignification {unknown}
 g - a potion of heal wounds {unknown}


   Skills:
 * Level 4.2 Fighting
 * Level 3.1 Long Blades
 * Level 0.3 Throwing
 * Level 4.2 Armour
 * Level 0.7 Dodging
 * Level 0.1 Stealth
 * Level 4.0 Shields


You had 2 spell levels left.
You didn't know any spells.
Your spell library was empty.

Dungeon Overview and Level Annotations

Branches:
Dungeon (2/15)

Altars:

Annotations:
D:2 Sigmund


Innate Abilities, Weirdness & Mutations

You have a pair of horns on your head.
You reflexively headbutt those who attack you in melee.


Message History

You feel sick.
Your Long Blades skill increases to level 3!
You feel sick.
You feel sick.
You completely miss the goblin. Your headbutt misses the goblin.
You feel sick. You block the goblin's attack. The goblin completely misses you.
You hit the goblin.
You kill the goblin!
You feel sick.
You are no longer poisoned.
You start resting.
HP restored.
Things that are here:
a +0 dagger; an adder skeleton Sigmund the Dreaded comes into view.
He is wielding a +3 scythe of venom.
Sigmund casts a spell at you. The puff of flame hits you.
There is a stone staircase leading up here.
You start resting.
Sigmund is nearby!
Sigmund is nearby!
Sigmund mumbles some strange words.
Sigmund flickers and vanishes!
Deactivating autopickup; reactivate with Ctrl-A.
Something hits you!
You are poisoned.
There is a stone staircase leading up, spattered with blood here.
You feel very sick. Something hits you.
You are more poisoned.
You climb upwards.
Reactivating autopickup.
* * * LOW HITPOINT WARNING * * *
You feel extremely sick.
There is a stone staircase leading down here.
* * * LOW HITPOINT WARNING * * *
You feel very sick.
You climb downwards.
Level annotation: Sigmund You die...

#.#...######...##
#.###.......รท...#######<...
..
#..###.###.#.#............##..
##..##.....#.##.##........#..#
##......#....#.# #...........
#####.##.#....###...........
#.##...#....#......<....
#.####.###..............
#.#....@...#............
#.#..........###........
..#........### #........
.##........# ##.......
#..##........######.......
#....<.#..###.....###..#
#.#######..).....## ... #.
#.##....## .. #.##........


There were no monsters in sight!

Vanquished Creatures
  2 adders (D:2)
  3 endoplasms
  A giant cockroach (D:1)
  4 goblins
  4 hobgoblins
  3 jackals (D:1)
  A kobold (D:2)
  2 quokkas (D:1)
  5 ball pythons
  4 bats (D:1)
  2 frilled lizards (D:1)
  A rat (D:1)
32 creatures vanquished.

Notes
Turn   | Place    | Note
-------+----------+-------------------------------------------
     0 | D:1      | Earthwalker the Minotaur Fighter began the quest for the
                  | Orb.
     0 | D:1      | Reached XP level 1. HP: 19/19 MP: 0/0
   160 | D:1      | Reached XP level 2. HP: 14/27 MP: 1/1
   407 | D:1      | Found a faded altar of an unknown god.
   714 | D:2      | Reached XP level 3. HP: 33/33 MP: 2/2
  1027 | D:2      | Noticed Sigmund
  1083 | D:2      | Succumbed to Sigmund's poison

Illustrated notes

Levels and vault maps discovered:
D:1:      nzn_arrival_depleted_hourglass, layout_rooms,
          ebering_ecumenical_altar_webs, minmay_tromino_v4_c
D:2:      layout_rooms, minivault_14, minivault_23,
          minmay_randomly_rotated_circles, uniq_terence, uniq_sigmund,
          uniq_jessica

Skill      XL: |  1  2  3 |
---------------+----------+-----
Fighting       | 4 |  4.2
Shields        | 4 |  4.0
Armour         | 4 |  4.2
Long Blades    | 3 |  3.1
Throwing       | |  0.3
Dodging        | |  0.7
Stealth        | |  0.1

Action                   || total
-------------------------++-------
Melee: Long sword        ||    75
       Headbutt          ||     6
  Use: Scroll            ||     3
Armor: Scale mail        ||    43
Dodge: Dodged            ||    28
Block: Buckler           ||    19
